[Event "Marienbad B2-IM 2024"]
[Site "Marianske Lazne"]
[Date "2024.01.13"]
[Round "1.16"]
[White "Lima, Darcy"]
[Black "Wang, Yukun"]
[Result "0-1"]
[ECO "D02"]
[WhiteElo "2370"]
[BlackElo "2117"]
[Annotator "ChessBase"]
[PlyCount "104"]
[EventDate "2024.01.10"]
[EventType "tourn"]
[EventCountry "CZE"]
[SourceTitle "playchess.com"]
[Source "ChessBase"]
[SourceQuality "1"]
[TimeControl "40/5400+30:1800+30"]

1. d4 d5 2. Nf3 Nf6 3. g3 Bf5 4. Bg2 e6 5. O-O c6 6. c4 Nbd7 7. Nc3 h6 8. Nd2 Be7 9. e4 dxe4 10. Ndxe4 O-O 11. Be3 Nxe4 12. Nxe4 Nf6 13. Nc3 Qb6 14. Qe2 Rad8 15. h3 Qc7 16. Rfe1 Rfe8 17. Rad1 Bf8 18. g4 Bg6 19. f4 Bb4 20. a3 Bxc3 21. bxc3 b5 22. Rf1 Ne4 23. Bxe4 Bxe4 24. c5 Qa5 25. Bc1 f5 26. Qe3 Qa4 27. Kh2 a5 28. Rg1 Rd7 29. Rd2 Qb3 30. Qg3 Qc4 31. Bb2 Qxc5 32. gxf5 Qxf5 33. Re2 Rf8 34. Bc1 Kh7 35. Qe1 Bd5 36. Re5 Qd3 37. Rg3 Qb1 38. h4 Rdf7 39. Re2 Rf5 40. Qg1 R8f7 41. Qe1 Rh5 42. Rg1 Qd3 43. Re3 Qc2+ 44. Re2 Qb1 45. Qg3 Qf5 46. Re5 Qc2+ 47. Kh3 g5 48. fxg5 Rf3 49. g6+ Kg7 50. Rxh5 Rxg3+ 51. Kxg3 Qd3+ 52. Kf4 Qe4+ 0-1

[Event "Marienbad B2-IM 2024"]
[Site "Marianske Lazne"]
[Date "2024.01.13"]
[Round "1.17"]
[White "Kejna, Piotr"]
[Black "Ivanov, Mike"]
[Result "1-0"]
[ECO "C01"]
[WhiteElo "2269"]
[BlackElo "2356"]
[Annotator "ChessBase"]
[PlyCount "67"]
[EventDate "2024.01.10"]
[EventType "tourn"]
[EventCountry "CZE"]
[SourceTitle "playchess.com"]
[Source "ChessBase"]
[SourceQuality "1"]
[TimeControl "40/5400+30:1800+30"]

1. e4 e6 2. d4 d5 3. exd5 exd5 4. c4 Nf6 5. Nc3 Bb4 6. Bd3 O-O 7. Nge2 dxc4 8. Bxc4 Bf5 9. O-O Nc6 10. Bg5 h6 11. Be3 a6 12. Ng3 Bg6 13. Qf3 Na5 14. Be2 Bxc3 15. bxc3 Qd5 16. c4 Qxf3 17. Bxf3 Nxc4 18. Bxb7 Ra7 19. Bc6 Rd8 20. Rac1 Nxe3 21. fxe3 Nd5 22. Rfe1 Nb4 23. Rc4 Rb8 24. a4 Nd3 25. Ra1 Rb4 26. Rc3 Nb2 27. a5 Kf8 28. Ne4 Rc4 29. Rxc4 Nxc4 30. Nc5 Nxe3 31. Re1 Ke7 32. Rxe3+ Kd6 33. Bb7 f6 34. Re6# 1-0

[Event "Marienbad B2-IM 2024"]
[Site "Marianske Lazne"]
[Date "2024.01.13"]
[Round "1.18"]
[White "Lim, Zhuo Ren"]
[Black "Pisk, Petr"]
[Result "1/2-1/2"]
[ECO "D15"]
[WhiteElo "2218"]
[BlackElo "2295"]
[Annotator "ChessBase"]
[PlyCount "44"]
[EventDate "2024.01.10"]
[EventType "tourn"]
[EventCountry "CZE"]
[SourceTitle "playchess.com"]
[Source "ChessBase"]
[SourceQuality "1"]
[TimeControl "40/5400+30:1800+30"]

1. Nf3 d5 2. d4 Nf6 3. c4 c6 4. Nc3 a6 5. g3 Bf5 6. Nh4 Be4 7. f3 Bg6 8. Qb3 Ra7 9. Nxg6 hxg6 10. c5 Nbd7 11. Na4 e5 12. e3 Nh5 13. Bg2 Be7 14. O-O Nhf6 15. Bd2 O-O 16. Bc3 exd4 17. exd4 Ne8 18. Bh3 f5 19. Rae1 Bf6 20. g4 Nc7 21. Nb6 Nb5 22. Nxd7 Qxd7 1/2-1/2

[Event "Marienbad B2-IM 2024"]
[Site "Marianske Lazne"]
[Date "2024.01.13"]
[Round "1.19"]
[White "Plischki, Sebastian"]
[Black "Balinski, Damian"]
[Result "1/2-1/2"]
[ECO "D12"]
[WhiteElo "2345"]
[BlackElo "2226"]
[Annotator "ChessBase"]
[PlyCount "75"]
[EventDate "2024.01.10"]
[EventType "tourn"]
[EventCountry "CZE"]
[SourceTitle "playchess.com"]
[Source "ChessBase"]
[SourceQuality "1"]
[TimeControl "40/5400+30:1800+30"]

1. d4 d5 2. c4 c6 3. Nf3 Nf6 4. e3 Bf5 5. Nc3 a6 6. Bd2 e6 7. Nh4 Bg4 8. Qb3 b5 9. cxd5 cxd5 10. h3 Bh5 11. g4 Bg6 12. Rc1 Ne4 13. Nxg6 Nxd2 14. Kxd2 hxg6 15. Bg2 Nd7 16. Nxd5 exd5 17. Bxd5 Bd6 18. Rc6 Ke7 19. Bxf7 Nf8 20. Rhc1 Rxh3 21. Bd5 Ra7 22. Ke2 Qd7 23. Bf3 Qe6 24. Qc2 Nd7 25. b3 Kf7 26. Qe4 Nf8 27. Qd5 Qxd5 28. Bxd5+ Ke7 29. Rh1 Rxh1 30. Bxh1 Ne6 31. Kd3 Nd8 32. Rc2 Rc7 33. Rxc7+ Bxc7 34. g5 Ne6 35. f4 a5 36. Bc6 b4 37. Be4 Nxf4+ 38. exf4 1/2-1/2

[Event "Marienbad B2-IM 2024"]
[Site "Marianske Lazne"]
[Date "2024.01.13"]
[Round "1.20"]
[White "Luberanski, Jakub"]
[Black "Pavlis, Matej"]
[Result "1-0"]
[ECO "B12"]
[WhiteElo "2278"]
[BlackElo "2088"]
[Annotator "ChessBase"]
[PlyCount "77"]
[EventDate "2024.01.10"]
[EventType "tourn"]
[EventCountry "CZE"]
[SourceTitle "playchess.com"]
[Source "ChessBase"]
[SourceQuality "1"]
[TimeControl "40/5400+30:1800+30"]

1. e4 c6 2. d4 d5 3. e5 c5 4. c3 Nc6 5. Be2 Bf5 6. Nf3 e6 7. O-O Qb6 8. dxc5 Bxc5 9. b4 Be7 10. Be3 Qc7 11. b5 Na5 12. Qa4 b6 13. c4 dxc4 14. Rc1 Bc5 15. Bxc5 Qxc5 16. Bxc4 Bxb1 17. Raxb1 Rc8 18. Bf1 Qxc1 19. Rxc1 Rxc1 20. Qg4 g6 21. Qf4 Rc7 22. Ng5 Nb7 23. Ne4 h5 24. g3 Nh6 25. Nd6+ Kf8 26. Bg2 Na5 27. Qf6 Rc1+ 28. Bf1 Kg8 29. Kg2 Rc2 30. Bd3 Rc5 31. Bxg6 fxg6 32. Qxg6+ Kf8 33. Qf6+ Kg8 34. Qxe6+ Kh7 35. Qe7+ Kg6 36. Ne4 Rhc8 37. Qg5+ Kf7 38. Nxc5 Rxc5 39. Qf6+ 1-0

[Event "Marienbad B2-IM 2024"]
[Site "Marianske Lazne"]
[Date "2024.01.14"]
[Round "2.16"]
[White "Wang, Yukun"]
[Black "Pavlis, Matej"]
[Result "1-0"]
[ECO "B90"]
[WhiteElo "2117"]
[BlackElo "2088"]
[Annotator "TA"]
[PlyCount "69"]
[EventDate "2024.01.10"]
[EventType "tourn"]
[EventCountry "CZE"]
[SourceTitle "playchess.com"]
[Source "ChessBase"]
[SourceQuality "1"]
[TimeControl "40/5400+30:1800+30"]

1. e4 c5 2. Nf3 d6 3. d4 cxd4 4. Nxd4 Nf6 5. Nc3 a6 6. Be3 e5 7. Nb3 Be6 8. f3 Be7 9. Qd2 h5 10. Be2 O-O 11. O-O-O Nbd7 $1 12. g4 hxg4 {[%emt 0:03:07] The position is equal.} 13. Rhg1 b5 {[%emt 0:07:14] Threatens to win with ...b4.} 14. Nd5 (14. h3 $11) 14... Bxd5 $1 $15 15. exd5 Nb6 (15... a5 $1 $17 {White must now prevent ...a4.} 16. Qd3 a4) 16. fxg4 (16. Bh6 $5) 16... Nfxd5 (16... Nbxd5 $2 17. g5 $18) 17. g5 $1 Nxe3 18. Qxe3 Nc4 $36 {[%emt 0:06:09][%mdl 2048] Black has some pressure.} 19. Bxc4 bxc4 20. Nd2 Rc8 {[%emt 0:05:08][%cal Oc4c3] And now ...c3! would win.} 21. Ne4 (21. g6 $11 c3 22. bxc3) 21... Rc6 (21... d5 $15 22. Qg3 Rc6) 22. Qf3 {[%emt 0:02:05][%cal Oe4f6] Nf6+! is the strong threat. White has more active pieces.} d5 {[%emt 0:07:00] [#]} (22... Rb6 $1 $14) 23. Rxd5 $3 $16 Qb6 (23... Qxd5 $2 24. Nf6+ Rxf6 25. Qxd5 $18) (23... Qc8 24. Rgd1) 24. Rf1 {[%emt 0:04:09] [#]} (24. Rg2 $16 {stays on course.}) 24... c3 (24... Bxg5+ $1 $17 25. Nxg5 Rf6) 25. bxc3 $2 {[%emt 0:09:46] [#]} (25. Rxe5 Qxb2+ 26. Kd1 Re6 27. Rxe6 fxe6 28. Qxc3 Qb1+ (28... Rxf1+ $2 29. Ke2 $19) 29. Kd2 Qxf1 $19 (29... Rxf1 $2 30. Qc8+ Kh7 31. g6+ Kh6 32. Qh8+ Kxg6 33. Qe8+ Rf7 34. h4 $19)) (25. Nxc3 $11 Bxg5+ 26. Kb1) 25... Qc7 $2 (25... Bxg5+ $1 $19 26. Nxg5 Rf6) 26. Qd3 $14 Rc8 27. Kd2 (27. h4 {with more complications.} Qb6 28. Qf3 Rf8 29. Rd7) 27... Re6 (27... Rc4 $14) 28. h4 $16 Qc6 29. h5 Qa4 {[%emt 0:01:01] [#]} 30. h6 Rg6 (30... gxh6 $14 31. gxh6 Rxh6) 31. h7+ Kh8 32. Rxf7 (32. Rxe5 Rd8 33. Rd5 Ra8) 32... Qe8 33. Rf5 Kxh7 $2 (33... Rgc6 34. Rfxe5 (34. Rdxe5 Qg6 $18) 34... Qf8) 34. Rfxe5 $18 Qf7 35. Qh3+ {[%emt 0:00:10] Weighted Error Value: White=0.37/Black=0.37.  Loses game:     	White=1     	---        Missed win:     	---       	Black=1      Mistake:       	White=4     	Black=7      Inaccurate:     	White=2     	Black=1      OK:         	White=8     	Black=6      Best:        	White=2     	Black=2      Strong:       	White=1     	Black=2      Brilliant:      	White=1     	---} 1-0

[Event "Marienbad B2-IM 2024"]
[Site "Marianske Lazne"]
[Date "2024.01.14"]
[Round "2.17"]
[White "Balinski, Damian"]
[Black "Luberanski, Jakub"]
[Result "1/2-1/2"]
[ECO "D45"]
[WhiteElo "2226"]
[BlackElo "2278"]
[Annotator "ChessBase"]
[PlyCount "54"]
[EventDate "2024.01.10"]
[EventType "tourn"]
[EventCountry "CZE"]
[SourceTitle "playchess.com"]
[Source "ChessBase"]
[SourceQuality "1"]
[TimeControl "40/5400+30:1800+30"]

1. c4 e6 2. Nc3 d5 3. d4 c6 4. e3 Nf6 5. Nf3 Nbd7 6. Qc2 Bd6 7. Bd3 O-O 8. O-O dxc4 9. Bxc4 b5 10. Be2 Bb7 11. Rd1 Qc7 12. e4 e5 13. Bg5 exd4 14. Rxd4 Ne5 15. Bxf6 gxf6 16. g3 Nxf3+ 17. Bxf3 Be5 18. Rd2 Rad8 19. Rad1 Bc8 20. Kg2 Qa5 21. Rxd8 Rxd8 22. Rxd8+ Qxd8 23. Nd1 Qd6 24. Ne3 c5 25. b3 Bd4 26. Bg4 Bxe3 27. Bxc8 Qd2 1/2-1/2

[Event "Marienbad B2-IM 2024"]
[Site "Marianske Lazne"]
[Date "2024.01.14"]
[Round "2.19"]
[White "Ivanov, Mike"]
[Black "Lim, Zhuo Ren"]
[Result "1/2-1/2"]
[ECO "B53"]
[WhiteElo "2356"]
[BlackElo "2218"]
[Annotator "RC"]
[PlyCount "147"]
[EventDate "2024.01.10"]
[EventType "tourn"]
[EventCountry "CZE"]
[SourceTitle "playchess.com"]
[Source "ChessBase"]
[SourceQuality "1"]
[TimeControl "40/5400+30:1800+30"]

1. e4 c5 2. Nf3 d6 3. d4 cxd4 4. Qxd4 Nc6 5. Bb5 Bd7 6. Qe3 Qa5+ 7. Nc3 Nf6 8. O-O e6 9. Qg5 h6 10. Qg3 a6 11. Bxc6 Bxc6 12. e5 Nh5 13. Qg4 g6 14. Re1 d5 15. Nd4 Ng7 16. Be3 h5 17. Qh4 Nf5 18. Nxf5 gxf5 19. Ne2 Qb4 20. Bd4 Bb5 21. c3 Qe7 22. Qh3 Qg5 23. Be3 Qg4 24. Nf4 Be7 25. Rad1 Rc8 26. Rd4 Rc4 27. Rxc4 Bxc4 28. b3 Bb5 29. f3 Qxh3 30. Nxh3 h4 31. Nf4 Rg8 32. Kf2 Kd7 33. Rd1 Bg5 34. Nxd5 exd5 35. Bxg5 Rxg5 36. c4 Bxc4 37. bxc4 f4 38. Rxd5+ Ke6 39. Rd6+ Kxe5 40. Rh6 Rg6 41. Rxh4 Rc6 42. Rh5+ f5 43. g4 fxg3+ 44. hxg3 Rxc4 45. g4 Rc2+ 46. Kg3 Rxa2 47. Rxf5+ Ke6 48. Rf8 a5 49. g5 Ra1 50. Rf6+ Ke5 51. f4+ Ke4 52. Re6+ Kf5 53. Rf6+ Ke4 54. Re6+ Kf5 55. Re5+ Kg6 56. Rb5 a4 57. Rxb7 a3 58. Rb6+ Kf5 59. Rb5+ Kg6 60. Ra5 a2 61. Kg2 Kh5 62. Ra6 Kg4 63. g6 Rb1 64. Rxa2 Rb7 65. Ra4 Rg7 66. Kf2 Rxg6 67. Ke3 Kf5 68. Ra5+ Kf6 69. Ke4 Kf7 70. Ra7+ Kf8 71. Ke5 Rb6 72. f5 Rc6 73. f6 Rc1 74. Ke4 1/2-1/2

[Event "Marienbad B2-IM 2024"]
[Site "Marianske Lazne"]
[Date "2024.01.14"]
[Round "2.20"]
[White "Lima, Darcy"]
[Black "Kejna, Piotr"]
[Result "1-0"]
[ECO "A15"]
[WhiteElo "2370"]
[BlackElo "2269"]
[Annotator "RC"]
[PlyCount "101"]
[EventDate "2024.01.10"]
[EventType "tourn"]
[EventCountry "CZE"]
[SourceTitle "playchess.com"]
[Source "ChessBase"]
[SourceQuality "1"]
[TimeControl "40/5400+30:1800+30"]

1. c4 Nf6 2. g3 e5 3. Nf3 Nc6 4. Bg2 d5 5. cxd5 Nxd5 6. O-O Be7 7. d4 exd4 8. Nxd4 Nxd4 9. Qxd4 Nf6 10. Qa4+ c6 11. Rd1 Bd7 12. Nd2 O-O 13. Qc2 Qc8 14. Nc4 Bh3 15. Nd6 Bxd6 16. Rxd6 Bxg2 17. Kxg2 Rd8 18. Rxd8+ Qxd8 19. Be3 Qd5+ 20. f3 Re8 21. Bf2 Qb5 22. e4 Rd8 23. b3 h6 24. Rd1 Rxd1 25. Qxd1 Qa5 26. a4 Qc7 27. g4 b6 28. h4 Qd7 29. Qxd7 Nxd7 30. f4 c5 31. e5 Nb8 32. Be1 Nc6 33. Bc3 h5 34. gxh5 Ne7 35. Kf3 Kh7 36. Kg4 a6 37. f5 b5 38. e6 fxe6 39. fxe6 Kg8 40. axb5 axb5 41. Kf3 c4 42. bxc4 bxc4 43. Ke4 Kf8 44. Bb2 Ng8 45. Kd5 Ne7+ 46. Kd6 Ke8 47. Bxg7 Nf5+ 48. Ke5 Nxh4 49. Bf6 Nf3+ 50. Kf4 Nd2 51. h6 1-0

[Event "Marienbad B2-IM 2024"]
[Site "Marianske Lazne"]
[Date "2024.01.15"]
[Round "3.16"]
[White "Kejna, Piotr"]
[Black "Wang, Yukun"]
[Result "0-1"]
[ECO "B90"]
[WhiteElo "2269"]
[BlackElo "2117"]
[Annotator "NA RC"]
[PlyCount "142"]
[EventDate "2024.01.10"]
[EventType "tourn"]
[EventCountry "CZE"]
[SourceTitle "playchess.com"]
[Source "ChessBase"]
[SourceQuality "1"]
[TimeControl "40/5400+30:1800+30"]

1. e4 c5 2. Nf3 d6 3. d4 cxd4 4. Nxd4 Nf6 5. Nc3 a6 6. Be3 e6 7. g4 e5 8. Nf5 g6 9. g5 gxf5 10. exf5 d5 11. Qf3 Ne4 12. Nxe4 dxe4 13. Qxe4 Nc6 14. Bc4 Qd7 15. Bd5 Bd6 16. O-O-O Qc7 17. Bxc6+ bxc6 18. Bb6 Qxb6 19. Rxd6 O-O 20. g6 fxg6 21. fxg6 Qc5 22. Rxc6 Qd4 23. gxh7+ Kh8 24. Qxd4 exd4 25. Rg1 Bf5 26. Rg8+ Kxh7 27. Rxf8 Rxf8 28. Rc4 d3 29. cxd3 Bxd3 30. Rd4 Bg6 31. f4 Rc8+ 32. Kd1 Bb1 33. Rd7+ Kg6 34. Rd6+ Kf5 35. Rxa6 Kxf4 36. Ra3 Ke4 37. Rc3 Rh8 38. Kc1 Bd3 39. Rc7 Rxh2 40. Re7+ Kd4 41. Rc7 Ke3 42. b3 Rxa2 43. Rc8 Kd4 44. Rc7 Be4 45. Rc4+ Kd3 46. Rc7 Bd5 47. Rd7 Kc3 48. Kb1 Ra5 49. Re7 Bxb3 50. Re3+ Kb4 51. Rg3 Re5 52. Kc1 Re2 53. Rg7 Rf2 54. Rg4+ Bc4 55. Rg3 Kc5 56. Rg4 Kd5 57. Rh4 Bd3 58. Rb4 Bc4 59. Rb2 Rf1+ 60. Kc2 Kd4 61. Kd2 Rf3 62. Ke1 Rh3 63. Rg2 Bd3 64. Rf2 Rh1+ 65. Kd2 Ra1 66. Rf4+ Be4 67. Rf8 Ra2+ 68. Kc1 Rc2+ 69. Kd1 Ke3 70. Rb8 Rh2 71. Rb4 Rh1# 0-1

[Event "Marienbad B2-IM 2024"]
[Site "Marianske Lazne"]
[Date "2024.01.15"]
[Round "3.17"]
[White "Lim, Zhuo Ren"]
[Black "Lima, Darcy"]
[Result "1/2-1/2"]
[ECO "A05"]
[WhiteElo "2218"]
[BlackElo "2370"]
[Annotator "ChessBase"]
[PlyCount "62"]
[EventDate "2024.01.10"]
[EventType "tourn"]
[EventCountry "CZE"]
[SourceTitle "playchess.com"]
[Source "ChessBase"]
[SourceQuality "1"]
[TimeControl "40/5400+30:1800+30"]

1. Nf3 Nf6 2. c4 g6 3. g3 Bg7 4. Bg2 O-O 5. O-O d6 6. d4 c5 7. b3 cxd4 8. Nxd4 d5 9. cxd5 Nxd5 10. Bb2 Qd7 11. Qc1 Rd8 12. Nf3 Bxb2 13. Qxb2 Nc6 14. Rd1 Qe6 15. Ng5 Qf6 16. Qxf6 Nxf6 17. Rxd8+ Nxd8 18. Nc3 Bd7 19. Nd5 Nxd5 20. Bxd5 Rc8 21. Rd1 Bb5 22. Kf1 a5 23. Ke1 b6 24. Nf3 e6 25. Be4 Kf8 26. Ne5 Ke7 27. a4 Be8 28. Nc4 Rb8 29. f4 f6 30. h4 b5 31. Nxa5 bxa4 1/2-1/2

[Event "Marienbad B2-IM 2024"]
[Site "Marianske Lazne"]
[Date "2024.01.15"]
[Round "3.18"]
[White "Plischki, Sebastian"]
[Black "Ivanov, Mike"]
[Result "0-1"]
[ECO "E68"]
[WhiteElo "2345"]
[BlackElo "2356"]
[Annotator "TA"]
[PlyCount "92"]
[EventDate "2024.01.10"]
[EventType "tourn"]
[EventCountry "CZE"]
[SourceTitle "playchess.com"]
[Source "ChessBase"]
[SourceQuality "1"]
[TimeControl "40/5400+30:1800+30"]

1. d4 Nf6 2. c4 g6 3. g3 Bg7 4. Bg2 O-O 5. Nc3 d6 6. Nf3 Nbd7 7. O-O e5 8. e4 a6 9. Qc2 exd4 10. Nxd4 c5 {[%emt 0:01:07] [#] E68: King's Indian: Fianchetto: 6...Nbd7 7 0-0 e5 8 e4.} 11. Nf3 $146 ({Predecessor:} 11. Nde2 Rb8 12. a4 Re8 13. b3 Qe7 14. Bb2 b6 15. Nf4 Bb7 16. Rfe1 Ne5 17. Rad1 Nc6 18. Nfd5 Nxd5 19. Nxd5 {1-0 Tukmakov,V (2595)-Lyrberg,P (2425) Politiken Cup 18th 1996 (4)}) 11... b5 12. Bf4 b4 {[%emt 0:07:23] White has an edge.} 13. Nd5 (13. Na4 $5 Re8 14. Bxd6 $11) 13... Nxd5 $1 14. cxd5 Nb6 15. h3 Re8 16. Rfe1 a5 17. Rad1 Bb7 18. g4 (18. e5 $11) 18... Qf6 $15 19. Bc1 Nd7 20. g5 Qe7 21. Bf4 a4 22. Qc1 (22. h4 $11) 22... Rac8 ({Better is} 22... a3 $17 23. b3 Bb2) 23. b3 Ba6 24. Bf1 {[%emt 0:06:11] Repels c4} (24. bxa4 $11 {remains equal.} c4 25. Nd4) 24... Bxf1 $17 25. Kxf1 axb3 26. axb3 Ra8 (26... c4 $142 $1 27. bxc4 Bc3) 27. Kg2 Ra3 28. Qc4 Ne5 29. Bxe5 Bxe5 30. Re2 f6 (30... Rf8 {simplifies} 31. Rd3 f6 32. Nxe5 Qxe5 33. gxf6 Rxf6 34. Rg3 Kg7) 31. gxf6 Qxf6 ({But not} 31... Bxf6 32. e5 $14) 32. Rd3 {[%emt 0:01:42] White is weak on the dark squares} Rf8 33. Qc1 Kg7 (33... Qg7 $17 {Threatens to win with ...Bf4.} 34. Nxe5 Qxe5) 34. Qd2 (34. Ng5 $1 $15 Kg8 35. Ne6) 34... h6 35. Nxe5 Qxe5 36. Rg3 Rf4 {[%emt 0:00:41] Black is much more active.} 37. Qd3 h5 38. Ree3 $2 {[%emt 0:01:53] [#]} (38. Rge3 $17) 38... Ra2 $19 39. Rgf3 (39. Re2 $142 Rxe2 40. Qxe2) 39... g5 $2 (39... Qg5+ $19 {is more deadly.} 40. Kf1 Rxf3 41. Rxf3 Qc1+ 42. Kg2 Ra1) 40. Rxf4 (40. Qb5 $17 {was forced.}) 40... gxf4 $17 {[%emt 0:00:12][%mdl 4096] Endgame KQR-KQR} ({Weaker is} 40... Qxf4 41. Rf3 Rd2 42. Qa6 Qxe4 43. Qxd6 Rxd5 44. Qf6+ Kh7 45. Qf7+ Kh6 46. Qf6+ Kh7 47. Qf7+ Kh6 48. Qf6+ Kh7 $11) 41. Re1 {[%emt 0:03:34] [#]} c4 $1 $40 {[%emt 0:10:03][%mdl 128] Black is out for blood.} 42. bxc4 (42. Qxc4 f3+ {[%mdl 64] Deflection} 43. Kh1 (43. Kf1 {is a self mate.} Qh2 44. Qc7+ Kh6 45. Qc1+ Kg6) 43... Rxf2 44. Qc7+ Kg6 45. Rg1+ Rg2 {[%mdl 64] Decoy} 46. Rxg2+ fxg2+ 47. Kxg2 Qxe4+ 48. Kg1 Qe1+ 49. Kh2 Qe5+ 50. Kh1 Qxd5+ 51. Kh2) 42... Ra3 $19 43. Qd2 Qg5+ 44. Kh2 Qh4 45. Rg1+ Kh7 46. f3 Rxf3 {[%emt 0:00:21] Weighted Error Value: White=0.72/Black=0.27 (precise)} 0-1

[Event "Marienbad B2-IM 2024"]
[Site "Marianske Lazne"]
[Date "2024.01.15"]
[Round "3.19"]
[White "Luberanski, Jakub"]
[Black "Pisk, Petr"]
[Result "1-0"]
[ECO "C61"]
[WhiteElo "2278"]
[BlackElo "2295"]
[Annotator "NA"]
[PlyCount "57"]
[EventDate "2024.01.10"]
[EventType "tourn"]
[EventCountry "CZE"]
[SourceTitle "playchess.com"]
[Source "ChessBase"]
[SourceQuality "1"]
[TimeControl "40/5400+30:1800+30"]

1. e4 e5 2. Nf3 Nc6 3. Bb5 Nd4 4. Nxd4 exd4 5. O-O Bc5 6. Bc4 d6 7. d3 Nf6 8. Bg5 Be6 9. Nd2 h6 10. Bh4 Bxc4 11. Nxc4 Qd7 12. Bxf6 gxf6 13. Qf3 Qe6 14. b4 Bb6 15. Rfe1 c6 16. a4 Bc7 17. b5 Rg8 18. g3 Rg5 19. Rab1 Kd7 20. h4 Rc5 21. Kg2 h5 22. bxc6+ bxc6 23. Rb7 Kc8 24. Reb1 Rb8 25. Rxb8+ Bxb8 26. Qf4 Bc7 27. Qh6 Kd7 28. Qf8 Bb6 29. Nxb6+ 1-0

[Event "Marienbad B2-IM 2024"]
[Site "Marianske Lazne"]
[Date "2024.01.15"]
[Round "3.20"]
[White "Pavlis, Matej"]
[Black "Balinski, Damian"]
[Result "1/2-1/2"]
[ECO "A04"]
[WhiteElo "2088"]
[BlackElo "2226"]
[Annotator "NA"]
[PlyCount "61"]
[EventDate "2024.01.10"]
[EventType "tourn"]
[EventCountry "CZE"]
[SourceTitle "playchess.com"]
[Source "ChessBase"]
[SourceQuality "1"]
[TimeControl "40/5400+30:1800+30"]

1. Nf3 b6 2. c4 Bb7 3. g3 Bxf3 4. exf3 c5 5. Bg2 Nc6 6. f4 Rc8 7. b3 Nh6 8. Bb2 Nf5 9. Nc3 e6 10. O-O Be7 11. Rb1 Bf6 12. Re1 Nb4 13. Be4 Nd4 14. a3 Nbc6 15. d3 O-O 16. Ba1 a5 17. h4 Ne7 18. Kh1 Nef5 19. h5 Nd6 20. g4 Nc6 21. g5 Bd4 22. Qf3 f6 23. g6 f5 24. Bxc6 Qh4+ 25. Kg2 Rxc6 26. gxh7+ Kxh7 27. Ne2 Bxa1 28. Rxa1 Nf7 29. d4 Nh6 30. Rad1 Rf7 31. Ng3 1/2-1/2

[Event "Marienbad B2-IM 2024"]
[Site "Marianske Lazne"]
[Date "2024.01.16"]
[Round "4.16"]
[White "Wang, Yukun"]
[Black "Balinski, Damian"]
[Result "1/2-1/2"]
[ECO "C42"]
[WhiteElo "2117"]
[BlackElo "2226"]
[Annotator "RC"]
[PlyCount "41"]
[EventDate "2024.01.10"]
[EventType "tourn"]
[EventCountry "CZE"]
[SourceTitle "playchess.com"]
[Source "ChessBase"]
[SourceQuality "1"]
[TimeControl "40/5400+30:1800+30"]

1. e4 e5 2. Nf3 Nf6 3. Nxe5 d6 4. Nf3 Nxe4 5. Nc3 Nxc3 6. dxc3 Be7 7. Be3 Nc6 8. Qd2 Be6 9. O-O-O Qd7 10. a3 a6 11. Ng5 Bf5 12. Bc4 O-O 13. f4 Bxg5 14. fxg5 Ne5 15. Bb3 b5 16. h4 Nc4 17. Qf2 Rae8 18. Bf4 Bg4 19. Be3 Bf5 20. Bd4 Bg4 21. h5 1/2-1/2

[Event "Marienbad B2-IM 2024"]
[Site "Marianske Lazne"]
[Date "2024.01.16"]
[Round "4.17"]
[White "Pisk, Petr"]
[Black "Pavlis, Matej"]
[Result "1/2-1/2"]
[ECO "D02"]
[WhiteElo "2295"]
[BlackElo "2088"]
[Annotator "RC"]
[PlyCount "33"]
[EventDate "2024.01.10"]
[EventType "tourn"]
[EventCountry "CZE"]
[SourceTitle "playchess.com"]
[Source "ChessBase"]
[SourceQuality "1"]
[TimeControl "40/5400+30:1800+30"]

1. d4 d5 2. Nf3 e6 3. c4 c5 4. e3 Nf6 5. Nc3 a6 6. a3 Nc6 7. dxc5 Bxc5 8. b4 Ba7 9. Bb2 O-O 10. Qc2 dxc4 11. Bxc4 b5 12. Bd3 Bb7 13. O-O Rc8 14. Rfd1 Qe7 15. Rac1 Bb8 16. h3 Rfd8 17. Qb1 1/2-1/2

[Event "Marienbad B2-IM 2024"]
[Site "Marianske Lazne"]
[Date "2024.01.16"]
[Round "4.18"]
[White "Ivanov, Mike"]
[Black "Luberanski, Jakub"]
[Result "1-0"]
[ECO "A14"]
[WhiteElo "2356"]
[BlackElo "2278"]
[Annotator "RC"]
[PlyCount "97"]
[EventDate "2024.01.10"]
[EventType "tourn"]
[EventCountry "CZE"]
[SourceTitle "playchess.com"]
[Source "ChessBase"]
[SourceQuality "1"]
[TimeControl "40/5400+30:1800+30"]

1. Nf3 Nf6 2. c4 e6 3. g3 d5 4. Bg2 Be7 5. O-O O-O 6. d3 c5 7. cxd5 exd5 8. d4 Nc6 9. Nc3 Bg4 10. dxc5 Bxc5 11. Bg5 d4 12. Ne4 Be7 13. Bxf6 Bxf6 14. Qb3 Re8 15. h3 Rxe4 16. hxg4 Na5 17. Qb5 a6 18. Qf5 Re6 19. g5 g6 20. Qf4 Bg7 21. Rad1 Nc6 22. e3 Rd6 23. Rd2 d3 24. Rfd1 Qe7 25. Rxd3 Rxd3 26. Rxd3 Bxb2 27. Rb3 Ba3 28. Nd2 Bd6 29. Qh4 Be5 30. Ne4 h5 31. gxh6 Qxh4 32. gxh4 Na5 33. Rd3 Rc8 34. f4 Bh8 35. Rd7 Nc4 36. Kf2 Re8 37. Rxb7 Nxe3 38. Kxe3 f5 39. Kd3 Rd8+ 40. Kc2 fxe4 41. Bxe4 Bf6 42. Rb6 Kf7 43. Rxa6 Rd4 44. h7 Bh8 45. Bxg6+ Kg7 46. Bd3 Rxf4 47. Rg6+ Kf7 48. Rg8 Rf2+ 49. Kb3 1-0

[Event "Marienbad B2-IM 2024"]
[Site "Marianske Lazne"]
[Date "2024.01.16"]
[Round "4.19"]
[White "Lima, Darcy"]
[Black "Plischki, Sebastian"]
[Result "1-0"]
[ECO "A13"]
[WhiteElo "2370"]
[BlackElo "2345"]
[Annotator "TA"]
[PlyCount "55"]
[EventDate "2024.01.10"]
[EventType "tourn"]
[EventCountry "CZE"]
[SourceTitle "playchess.com"]
[Source "ChessBase"]
[SourceQuality "1"]
[TimeControl "40/5400+30:1800+30"]

1. c4 e6 2. Nf3 d5 3. g3 d4 4. Bg2 Nc6 5. O-O Bc5 6. d3 {[%emt 0:01:01] A13: English Opening: 1...e6.} Nf6 7. Nbd2 a5 8. Nb3 {[%emt 0:06:30] Inhibits e5. The position is equal.} Be7 9. e3 dxe3 10. Bxe3 Ng4 11. Bc5 O-O 12. Bxe7 Qxe7 13. a4 {[%emt 0:01:22] [#]} Qb4 $146 ({Predecessor:} 13... e5 14. Re1 f6 15. d4 Rd8 16. Qe2 Qb4 17. Ra3 exd4 18. Nfxd4 Nxd4 19. Nxd4 Rxd4 {0-1 Jacobsen,M (2261)-Albornoz Cabrera,C (2585) Figueira da Foz op 17th 2023 (4)}) 14. Qc2 e5 15. Rfe1 f6 16. h3 Nh6 17. d4 exd4 18. Nfxd4 Nxd4 19. Nxd4 c6 20. Rad1 {[%emt 0:12:19] [#] aiming for c5.} Bd7 21. Re3 {[%emt 0:00:33] Hoping for c5.} Rad8 22. Red3 {[%emt 0:12:32] White is more active.} (22. Rb3 $16 Qxa4 23. Rxb7 Qxc2 24. Nxc2) 22... Nf7 $11 23. c5 Ne5 24. Ne6 {[%emt 0:03:48][%mdl 64] [#] Double Attack} Nxd3 25. Nxd8 Bf5 (25... Ne1 $11 {and Black stays safe.} 26. Qc1 Rxd8 27. Rxe1 Bf5) 26. Rxd3 Bxd3 (26... Re8 {was necessary.} 27. Bf3 g6) 27. Qxd3 $18 Qxa4 (27... Qe1+ $18 28. Kh2 h6 29. Qb3+ Kh8) 28. Ne6 {[%emt 0:04:30] Weighted Error Value: White=0.09 (flawless) /Black=0.62} (28. Bd5+ $142 Kh8 29. Nf7+ (29. Nxb7 cxd5 30. Qxd5 Qc2 $11) 29... Rxf7 30. Bxf7 g6 31. Be6 Kg7 32. Qd7+ Kh6 33. Bg8) 1-0